 Dungeon Crawl Stone Soup version 0.24.0-37-gcf1ca852f1 (webtiles) character file.

Game seed: 17735116415460302004, levelgen mode: deterministic

123610 Iamsoldier the Thaumaturge (level 16, -2/125 HPs)
             Began as a Gnoll Wizard on Nov 24, 2019.
             Was the Champion of Vehumet.
             Slain by a ghost moth (13 damage)
             ... on level 3 of the Spider Nest on Nov 25, 2019.
             The game lasted 03:21:26 (37805 turns).

Iamsoldier the Thaumaturge (Gnoll Wizard)          Turns: 37805, Time: 03:21:29

Health: -2/125     AC: 19    Str: 15    XL:     16   Next: 90%
Magic:  0/32       EV: 21    Int: 29    God:    Vehumet [******]
Gold:   1354       SH:  7    Dex: 19    Spells: 4/40 levels left

rFire    + + .     SeeInvis +   a - +7 demon whip (flame)
rCold    . . .     Gourm    .   O - +0 buckler
rNeg     . . .     Faith    .   i - +2 leather armour {rC+}
rPois    +         Spirit   .   m - +2 hat {SInv}
rElec    .         Reflect  .   P - +2 cloak {rF+}
rCorr    .         Harm     +   C - +1 pair of gloves
MR       +....                  (no boots)
Stlth    +++++.....             W - amulet of harm
HPRegen  0.30/turn              r - ring of Noon {rF+ rC- AC+3 Str+6 Dex+4}
MPRegen  0.23/turn              z - ring of poison resistance

@: very slightly contaminated
A: distributed training, fangs 1, hooves 1, icy blue scales 1, clever 1, strong
nose
a: Renounce Religion


You were on level 3 of the Spider Nest.
You worshipped Vehumet.
Vehumet was exalted by your worship.
You were hungry.

You visited 5 branches of the dungeon, and saw 27 of its levels.
You also visited: Volcano.

You collected 2534 gold pieces.
You spent 1180 gold pieces at shops.

Inventory:

Hand Weapons
 a - a +7 demon whip of flaming (weapon)
Missiles
 q - 8 silver javelins (quivered)
Armour
 i - a +2 leather armour of cold resistance (worn)
 m - a +2 hat of see invisible (worn)
 C - a +1 pair of gloves (worn)
 E - the +1 robe of Awe {Int+2}
   (You found it on level 11 of the Dungeon)

   It affects your intelligence (+2).
 O - a +0 buckler (worn)
 P - a +2 cloak of fire resistance (worn)
 T - a +2 leather armour of fire resistance
Magical Staves
 b - an uncursed staff of poison
Jewellery
 h - a +5 ring of slaying
 j - an uncursed amulet of magic regeneration
 r - the ring of Noon (left hand) {rF+ rC- AC+3 Str+6 Dex+4}
   (You acquired it on level 3 of the Lair of Beasts)

   [ring of protection]

   It affects your AC (+3).
   It affects your strength (+6).
   It affects your dexterity (+4).
   It protects you from fire.
   It makes you vulnerable to cold.
 z - a ring of poison resistance (right hand)
 L - an uncursed ring of positive energy
 W - an amulet of harm (around neck)
 Z - an uncursed ring of protection from cold
Wands
 F - a wand of digging (3)
 H - a wand of acid (11)
 N - a wand of paralysis (25)
 R - a wand of flame (40)
 S - a wand of iceblast (11)
 U - a wand of scattershot (10)
Scrolls
 c - 10 scrolls of remove curse
 e - 5 scrolls of teleportation
 k - 5 scrolls of fear
 l - 7 scrolls of identify
 t - 3 scrolls of enchant armour
 v - 7 scrolls of blinking
 w - 4 scrolls of immolation
 x - 3 scrolls of fog
 B - 4 scrolls of magic mapping
 X - 2 scrolls of silence
Potions
 f - 2 potions of invisibility
 g - 2 potions of haste
 n - 3 potions of curing
 o - 5 potions of flight
 p - a potion of magic
 s - 3 potions of resistance
 A - 6 potions of brilliance
 J - 5 potions of agility
 K - 3 potions of lignification
 M - 3 potions of cancellation
 Q - 2 potions of berserk rage
Miscellaneous
 V - a lamp of fire
Comestibles
 d - 25 rations


   Skills:
 + Level 11.0 Fighting
 + Level 11.0 Short Blades
 + Level 11.0 Long Blades
 + Level 11.0 Axes
 + Level 11.0 Maces & Flails
 + Level 11.0 Polearms
 + Level 11.0 Staves
 + Level 11.0 Slings
 + Level 11.0 Bows
 + Level 11.0 Crossbows
 + Level 11.0 Throwing
 + Level 11.0 Armour
 + Level 11.8 Dodging
 + Level 11.6 Stealth
 + Level 11.0 Shields
 + Level 11.0 Unarmed Combat
 + Level 12.8 Spellcasting
 + Level 9.6 Conjurations
 + Level 9.3 Hexes
 + Level 9.3 Charms
 + Level 9.6 Summonings
 + Level 9.3 Necromancy
 + Level 9.6 Translocations
 + Level 9.3 Transmutations
 + Level 9.3 Fire Magic
 + Level 9.3 Ice Magic
 + Level 9.3 Air Magic
 + Level 9.3 Earth Magic
 + Level 9.3 Poison Magic
 + Level 11.8 Invocations
 + Level 11.0 Evocations


You had 4 spell levels left.
You knew the following spells:

 Your Spells              Type           Power        Failure   Level  Hunger
a - Magic Dart            Conj           ####         1%          1    None
b - Blink                 Tloc           N/A          1%          2    None
c - Lee's Rapid Deconstr  Erth           ######....   1%          5    ##.....
d - Conjure Flame         Conj/Fire      ######..     1%          3    None
e - Mephitic Cloud        Conj/Pois/Air  ######..     1%          3    None
f - Lightning Bolt        Conj/Air       ######....   1%          5    ##.....
g - Statue Form           Tmut/Erth      ######...    11%         6    ####...
i - Metabolic Englaciati  Hex/Ice        ######....   1%          5    ##.....
j - Flame Tongue          Conj/Fire      #####        1%          1    None
v - Iskenderun's Battles  Conj/Chrm      ######..     1%          5    ##.....

Your spell library contained the following spells:

 Spells                   Type           Power        Failure   Level  Hunger
 Conjure Ball Lightning   Conj/Air       ######....   2%          6    ####...
 Confusing Touch          Hex            ######       1%          1    None
 Corona                   Hex            ######.      1%          1    None
 Sandblast                Erth           ######       1%          1    None
 Call Imp                 Summ           ######..     1%          2    None
 Ensorcelled Hibernation  Hex/Ice        ######       1%          2    None
 Passwall                 Tmut/Erth      ######..     1%          2    None
 Slow                     Hex            ######..     1%          2    None
 Confuse                  Hex            ######..     1%          3    None
 Dazzling Spray           Conj/Hex       ######       1%          3    None
 Gell's Gravitas          Tloc           ######....   1%          3    None
 Inner Flame              Hex/Fire       ######..     1%          3    None
 Portal Projectile        Hex/Tloc       ######       1%          3    None
 Stone Arrow              Conj/Erth      ######       1%          3    None
 Tukima's Dance           Hex            ######..     1%          3    None
 Cause Fear               Hex            ######....   1%          4    None
 Leda's Liquefaction      Hex/Erth       ######....   1%          4    None
 Petrify                  Tmut/Erth      ######..     1%          4    None
 Borgnjor's Vile Clutch   Necr/Erth      ######....   1%          5    ##.....
 Irradiate                Conj/Tmut      ######....   1%          5    ##.....
 Silence                  Hex/Air        ######....   1%          5    ##.....
 Yara's Violent Unravell  Hex/Tmut       ######....   1%          5    ##.....
 Shadow Creatures         Summ           N/A          10%         6    ####...
 Darkness                 Hex            ######....   11%         6    ####...
 Deflect Missiles         Chrm/Air       ######....   11%         6    ####...
 Hydra Form               Tmut           ######....   11%         6    ####...
 Dragon Form              Tmut           ######....   52%         7    ######.
 Discord                  Hex            ######....   99%         8    #######


Dungeon Overview and Level Annotations

Branches:
Dungeon (15/15)            Temple (1/1) D:5            Lair (6/6) D:9
  Swamp (0/4) Lair:2       Spider (3/4) Lair:4        Slime (0/5) Lair:6
    Orc (2/2) D:10            Elf (0/3) Orc:2        Vaults (0/5) D:14
 Depths (0/5) D:15        Volcano (visited)

Altars:
Cheibriados
Dithmenos
Elyvilon
Fedhas
Gozag
Hepliaklqana
Kikubaaqudgha
Nemelex Xobeh
Okawaru
Qazlal
Ru
Sif Muna
Trog
Uskayaw
Vehumet
Wu Jian
Xom
Yredelemnul
The Shining One

Shops:
D:8 [   D:11 (   D:12 (*   D:15 *   Orc:2 [(=}

Annotations:
D:5 1 exclusion
D:9 4 runed translucent doors
Lair:1 1 runed translucent door, theswoord's ghost, journeyman DsFi
Lair:4 exclusion: oklob plant


Innate Abilities, Weirdness & Mutations

Your experience applies equally to all skills.
You have very sharp teeth.
Your uncanny sense of smell can sniff out nearby items.
You have large cloven feet.
You are partially covered in icy blue scales. (AC +2)
Your mind is acute. (Int +2)


Message History

The wolf spider bites the demonic crawler.
You hit the ghost moth. You burn the ghost moth.
The ghost moth is lightly wounded.
The ghost moth is engulfed in blazing flames.
The ghost moth stares at you.
You feel your power leaking away. The ghost moth hits you!
* * * LOW HITPOINT WARNING * * *
The ghost moth completely misses you. x2
The wolf spider is engulfed in noxious fumes.
Press: ? - help, v - describe, . - travel
Here: a ghost moth (flame, lightly wounded, slightly transparent)
The floor.
You feel better.
The ghost moth is engulfed in blazing flames.
The ghost moth stares at you.
You feel your power leaking away.
The ghost moth hits you but does no damage.
The ghost moth hits you!
You die...

#..^.!....^#.#
#..#.†.†.....#
#....††<.....#
^#...††##^.ss#
#......#..#..#
#^......#.s§○#
##...##..^.§s#
#...###.#..#y#
.!.. .......@#
... ..$....##
......# ######


You could see a ghost moth (invisible), a demonic crawler, 2 wolf spiders and a
jumping spider (confused).

Vanquished Creatures
  Rupert (D:15)
  Gastronok (Lair:3)
  Agnes (D:15)
  Frances (Spider:2)
  Kirke (D:15)
  A fire giant (D:15)
  A ghost moth (Spider:1)
  3 emperor scorpions (Spider:2)
  An orc warlord (D:10)
  Nessos (D:15)
  Azrael (D:14)
  An ettin (D:10)
  Snorg (D:14)
  Josephine (D:14)
  Erolcha (D:9)
  7 hydras
  3 centaur warriors
  8 vault guards
  A catoblepas (Lair:6)
  10 two-headed ogres
  An ogre mage (D:15)
  A hell knight (Volcano)
  4 orc high priests (Orc:2)
  A sun demon (Volcano)
  2 unseen horrors (D:15)
  Pikel (D:9)
  16 ugly things
  5 orb spiders
  5 oklob plants
  An orc sorcerer (Orc:2)
  A deep elf mage (D:14)
  A manticore (D:15)
  8 wolf spiders
  3 moths of wrath
  7 cyclopes
  7 black mambas
  4 centaur zombies
  4 spiny frogs
  A gargoyle (D:13)
  4 rime drakes
  4 yaktaurs (D:15)
  An efreet (D:15)
  8 komodo dragons
  5 demonic crawlers
  A freezing wraith (D:15)
  2 red devils (Volcano)
  10 jumping spiders
  A tengu conjurer (D:15)
  A jumping spider (shapeshifter) (D:9)
  A queen bee (D:15)
  2 trolls (D:14)
  4 polar bears (Lair:6)
  3 meliai (D:15)
  A harpy skeleton (D:15)
  6 hornets
  Prince Ribbit (D:8)
  2 tyrant leeches (Lair:2)
  10 slime creatures (D:12)
  A dream sheep (Lair:6)
  17 blink frogs
  6 hippogriffs
  A meliai zombie (D:13)
  A vampire (D:14)
  Sigmund (D:5)
  14 spriggans
  37 redbacks
  34 yaks
  A shadow (D:15)
  9 wraiths
  6 wyverns
  10 tarantellas
  2 basilisks
  2 fire elementals (D:14)
  A steam dragon (D:13)
  4 hogs (D:15)
  4 hungry ghosts
  A soldier ant (D:14)
  11 vampire mosquitoes
  4 hell hounds
  A naga (D:14)
  3 wargs
  13 water moccasins
  12 porcupines
  17 orc warriors
  3 ice beasts
  5 phantoms
  2 eyes of draining
  4 slaves (D:9)
  7 black bears
  33 wolves
  4 necrophages
  4 boggarts (Lair:6)
  3 sky beasts
  15 ogres
  13 centaurs
  14 crocodiles
  2 big kobolds
  12 bullfrogs
  A gnoll sergeant (D:8)
  2 wyvern zombies
  5 scorpions
  2 wights (D:8)
  16 killer bees
  4 electric eels (Lair:3)
  6 jellies
  3 howler monkeys
  12 crimson imps
  2 quasits
  4 bullfrog zombies
  10 hounds
  26 orc priests
  A bullfrog skeleton (D:9)
  6 centaur skeletons
  Terence (D:3)
  7 iguanas
  30 orc wizards
  10 worker ants
  A hound zombie (D:8)
  A hound skeleton (D:8)
  A mummy (D:8)
  A howler monkey zombie (D:6)
  A worker ant zombie (D:6)
  3 gnolls (D:6)
  11 adders
  4 shadow imps
  3 oozes
  An adder zombie (D:8)
  An adder skeleton (D:9)
  2 worms (D:2)
  3 dart slugs
  4 leopard geckos
  56 orcs
  3 giant cockroaches
  4 hobgoblins (D:3)
  11 jackals
  8 quokkas
  7 bats
  3 frilled lizards
  4 goblins
  A jackal zombie (D:6)
  15 kobolds
  A quokka skeleton (D:5)
  3 rats (D:2)
  3 plants (Lair:4)
824 creatures vanquished.

Vanquished Creatures (collateral kills)
  A jumping spider (Lair:4)
  3 redbacks
  A tarantella (Spider:3)
  Menkaure (D:5)
  An ogre (D:10)
  A crimson imp (D:5)
  A worm (D:2)
  5 orcs (D:2)
14 creatures vanquished.

Vanquished Creatures (others)
  An ugly thing (D:14)
  A centaur skeleton (D:14)
  A jumping spider (Spider:1)
  A human (D:15)
  A killer bee (D:15)
  24 fungi
  67 plants
  2 withered plants (Lair:1)
98 creatures vanquished.

Grand Total: 936 creatures vanquished

Notes
Turn   | Place    | Note
-------+----------+-------------------------------------------
     0 | D:1      | Iamsoldier the Gnoll Wizard began the quest for the Orb.
     0 | D:1      | Reached XP level 1. HP: 13/13 MP: 8/8
   633 | D:2      | Found a faded altar of an unknown god.
   644 | D:2      | Reached XP level 2. HP: 19/19 MP: 6/10
   648 | D:2      | Learned a level 2 spell: Blink
   651 | D:2      | Learned a level 2 spell: Call Imp
   869 | D:2      | Found a sparkling altar of Nemelex Xobeh.
  1043 | D:2      | Reached XP level 3. HP: 25/25 MP: 6/11
  1048 | D:2      | Learned a level 3 spell: Conjure Flame
  1052 | D:2      | Learned a level 3 spell: Mephitic Cloud
  1293 | D:2      | Reached skill level 1 in Invocations
  1599 | D:2      | Reached skill level 1 in Fighting
  1599 | D:2      | Reached skill level 1 in Short Blades
  1599 | D:2      | Reached skill level 1 in Long Blades
  1599 | D:2      | Reached skill level 1 in Axes
  1599 | D:2      | Reached skill level 1 in Maces & Flails
  1599 | D:2      | Reached skill level 1 in Polearms
  1599 | D:2      | Reached skill level 1 in Staves
  1599 | D:2      | Reached skill level 1 in Slings
  1599 | D:2      | Reached skill level 1 in Bows
  1599 | D:2      | Reached skill level 1 in Crossbows
  1599 | D:2      | Reached skill level 1 in Throwing
  1599 | D:2      | Reached skill level 1 in Armour
  1599 | D:2      | Reached skill level 1 in Shields
  1599 | D:2      | Reached skill level 1 in Unarmed Combat
  1599 | D:2      | Reached skill level 1 in Evocations
  1599 | D:2      | Reached XP level 4. HP: 32/32 MP: 3/13
  1996 | D:2      | You fall into a shaft and drop 1 floor!
  2626 | D:3      | Noticed an ogre
  2678 | D:3      | Killed an ogre
  2678 | D:3      | Reached skill level 1 in Hexes
  2678 | D:3      | Reached skill level 1 in Charms
  2678 | D:3      | Reached skill level 1 in Necromancy
  2678 | D:3      | Reached skill level 1 in Transmutations
  2678 | D:3      | Reached skill level 1 in Fire Magic
  2678 | D:3      | Reached skill level 1 in Ice Magic
  2678 | D:3      | Reached skill level 1 in Air Magic
  2678 | D:3      | Reached skill level 1 in Earth Magic
  2678 | D:3      | Reached skill level 1 in Poison Magic
  2678 | D:3      | Reached XP level 5. HP: 37/37 MP: 7/14
  3139 | D:3      | Noticed an ogre
  3147 | D:3      | Killed an ogre
  3147 | D:3      | Reached XP level 6. HP: 44/44 MP: 8/16
  3322 | D:3      | Noticed Terence
  3352 | D:3      | Killed Terence
  3684 | D:3      | Reached skill level 5 in Dodging
  4341 | D:4      | Noticed an ice beast
  4361 | D:4      | Killed an ice beast
  4735 | D:4      | Reached XP level 7. HP: 50/50 MP: 7/18
  5054 | D:4      | Found a radiant altar of Vehumet.
  5067 | D:4      | Became a worshipper of Vehumet
  5580 | D:5      | Entered Level 5 of the Dungeon
  5599 | D:5      | Found a sacrificial altar of Ru.
  5599 | D:5      | Found a basalt altar of Yredelemnul.
  5722 | D:5      | Found a staircase to the Ecumenical Temple.
  5926 | D:5      | Reached skill level 5 in Stealth
  5929 | D:5      | Noticed Menkaure
  5964 | Temple   | Entered the Ecumenical Temple
  6235 | D:5      | Killed Menkaure
  6269 | D:5      | Reached XP level 8. HP: 55/57 MP: 10/19
  6375 | D:5      | Noticed Sigmund
  6388 | D:5      | Killed Sigmund
  6402 | D:5      | Found an opulent altar of Gozag.
  6833 | D:5      | Found a glowing golden altar of the Shining One.
  6833 | D:5      | Found a stormy altar of Qazlal.
  6839 | D:5      | Reached skill level 8 in Spellcasting
  6861 | D:5      | Found a faded altar of an unknown god.
  6863 | D:5      | Found a faded altar of an unknown god.
  6865 | D:5      | Found an iron altar of Okawaru.
  7111 | D:6      | Reached XP level 9. HP: 49/65 MP: 0/21
  7276 | D:6      | Noticed a hornet
  7282 | D:6      | Killed a hornet
  7471 | D:6      | Found a shadowy altar of Dithmenos.
  7498 | D:6      | Found a shimmering blue altar of Sif Muna.
  7718 | D:6      | Reached * piety under Vehumet
  7718 | D:6      | Offered knowledge of Freeze by Vehumet.
  8057 | D:6      | You fall into a shaft and drop 3 floors!
  8781 | D:7      | Got an ancient quarterstaff
  8783 | D:7      | Identified the +4 quarterstaff "Yrchuygg" {antimagic, rC+
                  | Stlth+} (You found it on level 7 of the Dungeon)
  9092 | D:7      | Found a bloodstained altar of Trog.
  9164 | D:7      | Reached skill level 5 in Invocations
  9524 | D:8      | Noticed Prince Ribbit
  9540 | D:8      | Killed Prince Ribbit
  9667 | D:8      | Found Daxiorph's Armour Boutique.
  9741 | D:8      | Reached XP level 10. HP: 67/72 MP: 12/22
  9963 | D:8      | Found an iron altar of Okawaru.
  9984 | D:8      | Offered knowledge of Flame Tongue by Vehumet.
  9994 | D:8      | Reached ** piety under Vehumet
 10194 | D:8      | Noticed a centaur warrior
 10704 | D:8      | Noticed a two-headed ogre
 10958 | D:8      | Reached skill level 5 in Fighting
 10958 | D:8      | Reached skill level 5 in Short Blades
 10958 | D:8      | Reached skill level 5 in Long Blades
 10958 | D:8      | Reached skill level 5 in Axes
 10958 | D:8      | Reached skill level 5 in Maces & Flails
 10958 | D:8      | Reached skill level 5 in Polearms
 10958 | D:8      | Reached skill level 5 in Staves
 10958 | D:8      | Reached skill level 5 in Slings
 10958 | D:8      | Reached skill level 5 in Bows
 10958 | D:8      | Reached skill level 5 in Crossbows
 10958 | D:8      | Reached skill level 5 in Throwing
 10958 | D:8      | Reached skill level 5 in Armour
 10958 | D:8      | Reached skill level 5 in Shields
 10958 | D:8      | Reached skill level 5 in Unarmed Combat
 10958 | D:8      | Reached skill level 5 in Evocations
 11099 | D:8      | Learned a level 1 spell: Flame Tongue
 11156 | D:8      | Killed a centaur warrior
 11435 | D:8      | Killed a two-headed ogre
 11435 | D:8      | Reached skill level 9 in Spellcasting
 11435 | D:8      | Reached skill level 5 in Conjurations
 11435 | D:8      | Reached skill level 5 in Summonings
 11435 | D:8      | Reached skill level 5 in Translocations
 11619 | D:9      | Found a large runed translucent door.
 11622 | D:9      | Noticed a moth of wrath
 11624 | D:9      | a moth of wrath changed into a yaktaur
 11625 | D:9      | Noticed Pikel
 11626 | D:9      | Noticed Erolcha
 11631 | D:9      | Killed Pikel
 11694 | D:9      | Found a large runed translucent door.
 11694 | D:9      | Noticed a lindwurm
 11710 | D:10     | Entered Level 10 of the Dungeon
 12305 | D:9      | Killed Erolcha
 12305 | D:9      | Reached XP level 11. HP: 44/79 MP: 6/24
 12647 | D:9      | Offered knowledge of Searing Ray by Vehumet.
 12672 | D:9      | Noticed a manticore
 12685 | D:9      | Found a large runed translucent door.
 12685 | D:9      | Found a large runed translucent door.
 12935 | D:9      | Noticed a swamp dragon
 12939 | D:9      | Noticed a moth of wrath
 12941 | D:9      | Noticed a faun
 12941 | D:9      | a swamp dragon changed into a faun
 13198 | D:9      | Noticed an alligator
 13234 | D:9      | Noticed a shining eye
 13241 | D:9      | Noticed a great orb of eyes
 13345 | D:9      | Reached skill level 5 in Hexes
 13345 | D:9      | Reached skill level 5 in Charms
 13345 | D:9      | Reached skill level 5 in Necromancy
 13345 | D:9      | Reached skill level 5 in Transmutations
 13345 | D:9      | Reached skill level 5 in Fire Magic
 13345 | D:9      | Reached skill level 5 in Ice Magic
 13345 | D:9      | Reached skill level 5 in Air Magic
 13345 | D:9      | Reached skill level 5 in Earth Magic
 13345 | D:9      | Reached skill level 5 in Poison Magic
 13552 | D:9      | Found a staircase to the Lair.
 13686 | D:10     | Found a staircase to the Orcish Mines.
 13742 | D:10     | Reached *** piety under Vehumet
 13744 | D:10     | Noticed a two-headed ogre
 13767 | D:10     | Killed a two-headed ogre
 13862 | D:10     | Learned a level 2 spell: Searing Ray
 14159 | D:10     | Offered knowledge of Dazzling Spray by Vehumet.
 14571 | Lair:1   | Entered Level 1 of the Lair of Beasts
 14572 | Lair:1   | Found a runed translucent door.
 14572 | Lair:1   | Noticed theswoord's ghost (journeyman DsFi)
 14593 | Lair:1   | Noticed a five-headed hydra
 14607 | Lair:1   | Killed a five-headed hydra
 15373 | Lair:2   | Reached XP level 12. HP: 70/87 MP: 19/25
 15472 | Lair:2   | Found a dark tunnel.
 15477 | Volcano  | Entered a volcano
 15516 | Volcano  | Learned a level 5 spell: Metabolic Englaciation
 15803 | Volcano  | Noticed a hell knight
 15808 | Volcano  | Killed a hell knight
 15867 | Volcano  | Noticed a sun demon
 15875 | Volcano  | Killed a sun demon
 15875 | Volcano  | Reached skill level 10 in Spellcasting
 17024 | Lair:2   | Found a staircase to the Swamp.
 17228 | Lair:3   | Noticed Gastronok
 17257 | Lair:3   | Reached **** piety under Vehumet
 17275 | Lair:3   | Killed Gastronok
 17349 | Lair:3   | Noticed a six-headed hydra
 17357 | Lair:3   | Killed a six-headed hydra
 17423 | Lair:3   | Offered knowledge of Venom Bolt by Vehumet.
 17696 | Lair:3   | Learned a level 5 spell: Venom Bolt
 18466 | Lair:3   | Learned a level 5 spell: Lee's Rapid Deconstruction
 18556 | Lair:3   | Reached XP level 13. HP: 98/98 MP: 22/27
 19123 | Lair:3   | Identified 2 scrolls of acquirement
 19126 | Lair:3   | Got a transparent turquoise ring
 19128 | Lair:3   | Identified the ring of Noon {rF+ rC- AC+3 Str+6 Dex+4} (You
                  | acquired it on level 3 of the Lair of Beasts)
 21440 | Lair:4   | Found a hole to the Spider Nest.
 22701 | Lair:6   | Entered Level 6 of the Lair of Beasts
 23021 | Lair:6   | Got a warped brass ring
 23022 | Lair:6   | Identified the ring "Ofaym" {*Slow MR+ Int+2 SInv} (You
                  | acquired it on level 6 of the Lair of Beasts)
 23166 | Lair:6   | Reached skill level 11 in Spellcasting
 23273 | Lair:6   | Reached ***** piety under Vehumet
 23273 | Lair:6   | Offered knowledge of Lightning Bolt by Vehumet.
 23280 | Lair:6   | Learned a level 5 spell: Lightning Bolt
 23449 | Lair:6   | Identified the Handbook of Curses
 23640 | Lair:6   | Reached XP level 14. HP: 106/106 MP: 29/29
 24395 | Lair:6   | Reached skill level 10 in Dodging
 25073 | Lair:6   | HP: 5/106 [acid (15)]
 25506 | Lair:6   | Found a staircase to the Slime Pits.
 26344 | D:11     | Offered knowledge of Airstrike by Vehumet.
 26371 | D:11     | Found Atzus's Weapon Shoppe.
 26407 | D:11     | Reached skill level 10 in Stealth
 26604 | D:11     | Got a dull robe
 26614 | D:11     | Identified the cursed +1 robe of Awe {Int+2} (You found it
                  | on level 11 of the Dungeon)
 27047 | D:12     | Reached skill level 10 in Invocations
 27677 | D:12     | Found Joj Nydgh's Assorted Antiques.
 27801 | D:12     | Found Kecu's Weapon Boutique.
 28193 | D:13     | Found a shadowy altar of Dithmenos.
 29172 | Orc:1    | Entered Level 1 of the Orcish Mines
 29181 | Orc:1    | Noticed an orc warlord
 29643 | D:14     | Reached XP level 15. HP: 100/114 MP: 11/30
 29646 | D:14     | Noticed Azrael
 29916 | D:14     | Noticed Josephine
 29918 | D:14     | Offered knowledge of Iskenderun's Battlesphere by Vehumet.
 29934 | D:14     | Killed Josephine
 30259 | D:14     | Found a sacrificial altar of Ru.
 30290 | D:14     | Found Fiushera's Serpentskin Sales.
 30780 | D:14     | Learned a level 5 spell: Iskenderun's Battlesphere
 30942 | D:14     | Found a gate to the Vaults.
 31059 | D:14     | Killed Azrael
 31459 | D:14     | Noticed Snorg
 31463 | D:14     | Reached skill level 12 in Spellcasting
 31503 | D:14     | Killed Snorg
 31723 | D:15     | Entered Level 15 of the Dungeon
 31739 | D:15     | Gained mutation: Your mind is acute. (Int +2) [potion of
                  | mutation]
 31739 | D:15     | Gained mutation: You are partially covered in icy blue
                  | scales. (AC +2) [potion of mutation]
 31739 | D:15     | Gained mutation: You have large cloven feet. [potion of
                  | mutation]
 31750 | D:15     | Noticed Nessos
 31757 | D:15     | Killed Nessos
 31757 | D:15     | Reached skill level 10 in Fighting
 31757 | D:15     | Reached skill level 10 in Short Blades
 31757 | D:15     | Reached skill level 10 in Long Blades
 31757 | D:15     | Reached skill level 10 in Axes
 31757 | D:15     | Reached skill level 10 in Maces & Flails
 31757 | D:15     | Reached skill level 10 in Polearms
 31757 | D:15     | Reached skill level 10 in Staves
 31757 | D:15     | Reached skill level 10 in Slings
 31757 | D:15     | Reached skill level 10 in Bows
 31757 | D:15     | Reached skill level 10 in Crossbows
 31757 | D:15     | Reached skill level 10 in Throwing
 31757 | D:15     | Reached skill level 10 in Armour
 31757 | D:15     | Reached skill level 10 in Shields
 31757 | D:15     | Reached skill level 10 in Unarmed Combat
 31757 | D:15     | Reached skill level 10 in Evocations
 31764 | D:15     | Noticed Agnes
 31776 | D:15     | Killed Agnes
 31923 | D:15     | Found a staircase to the Depths.
 31924 | D:15     | Noticed a fire giant
 31940 | D:15     | Killed a fire giant
 32083 | D:15     | Noticed Rupert
 32099 | D:15     | Killed Rupert
 32447 | D:15     | Noticed Kirke
 32457 | D:15     | Killed Kirke
 32457 | D:15     | Reached ****** piety under Vehumet
 32457 | D:15     | Reached XP level 16. HP: 117/122 MP: 16/32
 32755 | D:15     | Found Xieff's Assorted Antiques.
 32763 | D:15     | Bought a pair of embroidered gloves for 225 gold pieces
 32763 | D:15     | Bought a scroll of identify for 60 gold pieces
 32763 | D:15     | Bought a pair of runed gloves for 225 gold pieces
 32763 | D:15     | Bought a papyrus book for 450 gold pieces
 33319 | D:15     | Offered knowledge of Bolt of Magma by Vehumet.
 34136 | Orc:2    | Entered Level 2 of the Orcish Mines
 34358 | Orc:2    | Paralysed by an orc sorcerer for 3 turns
 34775 | Orc:2    | Found a staircase to the Elven Halls.
 34803 | Orc:2    | Found Hilal's Gadget Shop.
 34803 | Orc:2    | Found Zashe Baam's Jewellery Shop.
 34804 | Orc:2    | Found Xiuwuca's Armour Boutique.
 34807 | Orc:2    | Found Masoi's Weapon Boutique.
 35104 | Orc:2    | Bought an uncursed ring of poison resistance for 220 gold
                  | pieces
 35275 | Spider:1 | Entered Level 1 of the Spider Nest
 35322 | Spider:1 | Learned a level 6 spell: Statue Form
 35721 | Spider:1 | You fall into a shaft and drop 1 floor!
 35786 | Spider:2 | Offered knowledge of Ozocubu's Refrigeration by Vehumet.
 37379 | Spider:2 | Noticed Frances
 37393 | Spider:2 | Killed Frances
 37783 | Spider:3 | Offered knowledge of Conjure Ball Lightning by Vehumet.
 37804 | Spider:3 | HP: 2/125 [ghost moth (9)]
 37805 | Spider:3 | Slain by a ghost moth

Levels and vault maps discovered:
D:1:      lightli_arrival_isolated_outpost, layout_loops_ring
D:2:      layout_basic, chequers_ecumenical_altar_twisty,
          nemelex_dance_club_becter
D:3:      layout_basic, first_ration, uniq_terence
D:4:      layout_loops_cross, lemuel_crystal_altar, serial_co_window_serial,
          co_window_paths_a, co_window_of_opportunity_a,
          co_window_of_opportunity_a, co_window_corner_a, co_window_paths_a,
          co_window_corner_a, co_window_2corner, co_window_2corner,
          co_window_2corner, co_window_2corner, co_window_broadway_b,
          co_window_paths_d, glass_columns_c, glass_columns_a, glass_columns_c
D:5:      cheibrodos_barr_body, layout_rooms,
          chequers_temple_overflow_statue_of_worship,
          nicolae_gozag_seed_capital, chequers_temple_overflow_minitemple,
          minmay_temple_entry_arrows, serial_glass, glass_columns_a,
          glass_columns_a, glass_columns_b, glass_columns_a, glass_columns_c,
          glass_columns_a, uniq_sigmund, uniq_menkaure
D:6:      layout_cave_pods, kennysheep_mini, serial_bayou_pond_c, led_sif_book
D:7:      layout_loops_cross, bloody_trog, the_bakery,
          hangedman_abyss_or_decor_lesser_grid
D:8:      kennysheep_blocky_room, layout_rooms, serial_undead, serial_undead_c,
          serial_undead_e, serial_undead_d, serial_undead_f, serial_shops, shop,
          okawaru_metal_pillars_1_2, uniq_prince_ribbit1
D:9:      layout_basic, david_lair_shrubbed, minmay_hollow_rounded_squares,
          uniq_erolcha, uniq_pikel
D:10:     layout_loops_ring, orc_0_dummy
D:11:     layout_basic, serial_shops, nicolae_shop_stone
D:12:     layout_stronghold, serial_shops, nicolae_shop_statue_plus,
          shop_fountains
D:13:     layout_rooms, chequers_arboretum, grunt_dithmenos_smoke
D:14:     layout_cave_pods, erik_vaults_2, nicolae_ru_awakened_eye,
          guppyfry_shop_venom, uniq_josephine, uniq_azrael, uniq_snorg
D:15:     grunt_enter_depths_giant_problem, layout_cave_pods, serial_shops,
          nicolae_shop_statue_plus, nicolae_benzene_ring,
          nicolae_looking_at_the_future, uniq_kirke, uniq_nessos, uniq_agnes,
          uniq_rupert
Temple:   nicolae_temple_x_marks_the_god
Lair:1:   layout_long_grid, gammafunk_ghost_grave
Lair:2:   layout_chaotic_city, minmay_swamp_entry_worms, enter_volcano_4,
          lemuel_fruit_tree
Lair:3:   layout_loops_ring, disabler_island, serial_bayou_shore_b,
          serial_bayou_shore_a, uniq_gastronok
Lair:4:   layout_loops_ring, spider_nest_entry_funnel_web, grunt_megastairs_3,
          minmay_lair_oklob_chamber
Lair:5:   layout_long_grid
Lair:6:   minmay_lair_end_enchanted_forest, layout_long_grid,
          minmay_slime_entry_oklob_enclosed
Spider:1: layout_spider_delve, drop_trap
Spider:2: layout_spider_delve, nicolae_spider_webs_and_nodes,
          nicolae_spider_webbed_stairs, uniq_frances
Spider:3: layout_spider_delve, uniq_asterion
Orc:1:    layout_diamond_mine, basic_altar, serial_shops
Orc:2:    st_orc_mages, layout_diamond_mine

Skill      XL: |  1  2  3  4  5  6  7  8  9 10 11 12 13 14 15 16 |
---------------+-------------------------------------------------+-----
Conjurations   | 2 3 4 5 6 7 8 9 |  9.6
Summonings     | 2 3 4 5 6 7 8 9 |  9.6
Translocations | 2 3 4 5 6 7 8 9 |  9.6
Invocations    | 1 2 3 4 5 6 7 8 9 10 11 | 11.8
Fighting       | 1 2 3 4 5 6 7 8 9 10 11 | 11.0
Short Blades   | 1 2 3 4 5 6 7 8 9 10 11 | 11.0
Long Blades    | 1 2 3 4 5 6 7 8 9 10 11 | 11.0
Axes           | 1 2 3 4 5 6 7 8 9 10 11 | 11.0
Maces & Flails | 1 2 3 4 5 6 7 8 9 10 11 | 11.0
Polearms       | 1 2 3 4 5 6 7 8 9 10 11 | 11.0
Staves         | 1 2 3 4 5 6 7 8 9 10 11 | 11.0
Slings         | 1 2 3 4 5 6 7 8 9 10 11 | 11.0
Bows           | 1 2 3 4 5 6 7 8 9 10 11 | 11.0
Crossbows      | 1 2 3 4 5 6 7 8 9 10 11 | 11.0
Throwing       | 1 2 3 4 5 6 7 8 9 10 11 | 11.0
Armour         | 1 2 3 4 5 6 7 8 9 10 11 | 11.0
Shields        | 1 2 3 4 5 6 7 8 9 10 11 | 11.0
Unarmed Combat | 1 2 3 4 5 6 7 8 9 10 11 | 11.0
Evocations     | 1 2 3 4 5 6 7 8 9 10 11 | 11.0
Hexes          | 1 2 3 4 5 6 7 8 9 |  9.3
Charms         | 1 2 3 4 5 6 7 8 9 |  9.3
Necromancy     | 1 2 3 4 5 6 7 8 9 |  9.3
Transmutations | 1 2 3 4 5 6 7 8 9 |  9.3
Fire Magic     | 1 2 3 4 5 6 7 8 9 |  9.3
Ice Magic      | 1 2 3 4 5 6 7 8 9 |  9.3
Air Magic      | 1 2 3 4 5 6 7 8 9 |  9.3
Earth Magic    | 1 2 3 4 5 6 7 8 9 |  9.3
Poison Magic   | 1 2 3 4 5 6 7 8 9 |  9.3
Dodging        | 5 6 7 8 9 10 11 | 11.8
Stealth        | 5 6 7 8 9 10 11 | 11.6
Spellcasting   | 8 9 10 11 12 | 12.8

Action                   |  1- 3 |  4- 6 |  7- 9 | 10-12 | 13-15 | 16-18 || total
-------------------------+-------+-------+-------+-------+-------+-------++-------
Melee: Spear             |       |    24 |       |       |       |       ||    24
       Staff             |       |       |    30 |    23 |     7 |       ||    60
       Punch             |       |       |     2 |       |       |       ||     2
       Bite              |       |       |     2 |    11 |   126 |    46 ||   185
       Trident           |       |       |       |    10 |       |       ||    10
       Demon whip        |       |       |       |    89 |   753 |   360 ||  1202
       Kick              |       |       |       |       |    23 |   107 ||   130
Throw: Javelin           |       |       |       |     2 |     1 |       ||     3
 Cast: Magic Dart        |    62 |   117 |   318 |   527 |   178 |    12 ||  1214
       Call Imp          |     4 |       |     9 |       |       |       ||    13
       Mephitic Cloud    |     1 |     1 |    37 |   129 |   127 |    52 ||   347
       Conjure Flame     |       |     7 |    16 |    44 |    32 |     4 ||   103
       Flame Tongue      |       |       |       |   132 |    24 |       ||   156
       Blink             |       |       |       |    14 |     8 |     3 ||    25
       Searing Ray       |       |       |       |    11 |     5 |       ||    16
       Venom Bolt        |       |       |       |    13 |    20 |       ||    33
       Lee's Rapid Decon |       |       |       |       |    68 |    15 ||    83
       Lightning Bolt    |       |       |       |       |    51 |    31 ||    82
       Iskenderun's Batt |       |       |       |       |     2 |       ||     2
Evoke: Wand              |       |       |       |     6 |    11 |     4 ||    21
  Use: Scroll            |       |       |     3 |    26 |    15 |     6 ||    50
       Potion            |       |       |       |     5 |     3 |    12 ||    20
 Stab: Confused          |       |       |     5 |    14 |    67 |    41 ||   127
       Sleeping          |       |       |       |     1 |     9 |     2 ||    12
  Eat: Chunk             |     2 |     6 |    12 |    24 |    24 |     6 ||    74
       Ration            |       |     1 |     1 |     2 |    10 |     3 ||    17
Armor: Robe              |       |     1 |     2 |    19 |    59 |       ||    81
       Leather armour    |       |     2 |    11 |    12 |    31 |   114 ||   170
Dodge: Dodged            |    11 |    26 |    87 |   222 |   450 |   318 ||  1114
Block: Buckler           |       |       |       |    49 |   189 |   130 ||   368
